AoeStats
← K ingaete 6787

Arena

509731141Analyzed
3v3 RM · 4d ago on Sep 27, 2026· 46m 35s· 6 players
Game mode
Random Map
Map size
Normal (6 player)
Population
200
Speed
Normal
Resources
Standard
Victory
Conquest
Starting age
Dark Age
Ending age
Imperial Age
RankedLock teamsTeams togetherTeam positionsShared explorationLock speedFull tech treeHidden civsTurbo modeCheats
Victory
Defeat
🇹🇷 Huns · Türkiye
812
+15
🇵🇪 Khmer · Peru
804
+15
🇲🇽 Saxons · Mexico
741
+18
🇨🇱 Franks · Chile
1000
-91
🇨🇱 Slavs · Chile
684
-12
🇨🇱 Danes · Chile
663
-11
K ingaete 6787
12:09 Feudal Age
17:20 Castle Age
16:09 Horse Collar
16:28 Double-Bit Axe
34:48 Bow Saw
40:47 Imperial Age
44:12 Imperial Age
nohacenadi3489
11:50 Feudal Age
17:14 Castle Age
40:18 Horse Collar
Kuajo
11:44 Feudal Age
18:08 Wheelbarrow
19:41 Castle Age
22:09 Wheelbarrow
27:52 Ordonnance Companies
31:05 Husbandry
34:29 Hand Cart
35:08 Forging
35:04 Scale Barding Armor
pjanic1520
9:25 Loom
12:35 Feudal Age
17:18 Castle Age
16:06 Double-Bit Axe
16:16 Gold Mining
16:09 Horse Collar
18:11 Wheelbarrow
Hugo2001
11:53 Feudal Age
14:34 Castle Age
16:35 Double-Bit Axe
19:08 Town Watch
28:13 Imperial Age
28:23 Tusk Swords
28:51 Bow Saw
28:25 Elite Battle Elephant
30:15 Forging
31:07 Horse Collar
31:39 Husbandry
31:54 Bloodlines
32:53 Conscription
33:52 Scale Barding Armor
35:44 Iron Casting
35:25 Heavy Plow
35:48 Loom
36:05 Town Patrol
38:26 Blast Furnace
41:06 Chain Barding Armor
46:46 Plate Barding Armor
Malikestergok
1:59 Loom
10:29 Feudal Age
11:50 Wheelbarrow
10:57 Horse Collar
11:09 Double-Bit Axe
19:32 Forging
19:26 Scale Mail Armor
Connection lost

Rejoining the realm…

Still unreachable

The connection could not be restored.

Session expired

The server has moved on; the page needs a fresh start.